[Event "Team 45 45 League T65"]
[Site "Internet Chess Club"]
[Date "2015.06.28"]
[Round "4"]
[White "mongmong"]
[Black "PostMike"]
[Result "1-0"]
[WhiteElo "1484"]
[BlackElo "1473"]
[Opening "Colle system"]
[ECO "A46"]
[Time "07:34:54"]
[TimeControl "2700+45"]

1. d4 Nf6 2. Nf3 e6 3. e3 c5 4. Bd3 d5 5. c3 b6 6. Nbd2 Ba6 7. Bxa6 c4 8. Bb5+
Nfd7 9. Ne5 a6 10. Nxd7 axb5 11. Nxf8 Rxf8 12. a4 Qd7 13. b3 g6 14. Bb2 bxa4 15.
bxa4 f5 16. Nf3 Nc6 17. Qc2 Qg7 18. Ba3 Rg8 19. Qb2 Qa7 20. Bb4 g5 21. Ne5 Nxe5
22. dxe5 h5 23. Qd2 b5 24. a5 Qa6 25. Qd4 Rg7 26. Qc5 Rf7 27. Qd6 Qxd6 28. Bxd6
Ra6 29. O-O Rb7 30. Bc5 Kd7 31. Rfb1 Kc6 32. Bb6 Rb8 33. Kf1 Rb7 34. Ke2 Rb8 35.
Kd2 Rb7 36. Kc2 Rb8 37. Kb2 Rb7 38. Ra2 Rb8 39. Ka1 Rbxb6 40. axb6 Rxb6 41. Rb4
Kc5 42. Ra8 g4 43. Rc8+ Rc6 44. Rxc6+ Kxc6 45. g3 {Black resigns} 1-0

[Event "Team 45 45 League T65"]
[Site "Internet Chess Club"]
[Date "2015.06.29"]
[Round "4"]
[White "medsurg"]
[Black "QuimCatala"]
[Result "1-0"]
[WhiteElo "1409"]
[BlackElo "1350"]
[Opening "King's Indian: 4.e4"]
[ECO "E70"]
[Time "14:00:22"]
[TimeControl "2700+45"]

1. d4 Nf6 2. c4 g6 3. Nc3 Bg7 4. e4 d6 5. Bf4 O-O 6. Nf3 c5 7. Be2 a5 8. O-O Na6
9. e5 Nh5 10. Bg5 h6 11. Be3 f5 12. Nh4 Qe8 13. Bxh5 gxh5 14. Bf4 dxe5 15. dxe5
Be6 16. b3 Rd8 17. Nd5 Nb4 18. Qf3 Nxd5 19. cxd5 Bxd5 20. Qe3 Kh7 21. Qxc5 e6
22. Rac1 Bc6 23. Rfd1 Rf7 24. Qxa5 Rfd7 25. Rxd7 Qxd7 26. Qe1 Qe7 27. g3 Rd4 28.
Ng2 Qd7 29. h3 Qd5 30. Rxc6 bxc6 31. Ne3 Qe4 32. Qc1 Bxe5 33. Bxe5 Qxe5 34. Qxc6
f4 35. gxf4 Qg7+ 36. Kf1 Rxf4 37. Qxe6 Qa1+ 38. Kg2 Qg7+ 39. Kf1 Rf6 40. Qe4+
Rg6 41. a4 Qa1+ 42. Ke2 Qb2+ 43. Nc2 Qxb3 44. a5 Qb5+ 45. Kd1 Qd7+ 46. Kc1 Kg7
47. Qe5+ Rf6 48. Qxh5 Rxf2 49. Qe5+ Kg6 50. Qg3+ Kh7 51. Qxf2 Qxh3 52. Qf7+ Kh8
53. a6 Qh1+ 54. Kb2 Qa8 55. Qb7 Qf8 56. a7 Qf6+ 57. Ka3 Qc3+ 58. Ka2 Qxc2+ 59.
Qb2+ Qxb2+ 60. Kxb2 h5 61. a8=Q+ Kg7 62. Qg2+ Kh6 63. Qh3 Kg5 64. Kc3 h4 65. Kd4
Kh5 66. Ke4 Kg5 67. Qg2+ Kh5 68. Kf4 h3 69. Qg4+ Kh6 70. Kf5 Kh7 71. Kf6 h2 72.
Qg7# {Black checkmated} 1-0

[Event "Team 45 45 League T65"]
[Site "Internet Chess Club"]
[Date "2015.06.28"]
[Round "4"]
[White "bardu"]
[Black "Aquaman"]
[Result "0-1"]
[WhiteElo "1208"]
[BlackElo "1350"]
[Opening "Old Indian defense"]
[ECO "A53"]
[Time "15:02:00"]
[TimeControl "2700+45"]

1. d4 Nf6 2. c4 d6 3. Nc3 c6 4. e4 Nbd7 5. Nf3 Qc7 6. Be2 e5 7. dxe5 dxe5 8. O-O
Be7 9. b3 O-O 10. Bb2 Re8 11. Qd2 Nc5 12. Qe3 Bg4 13. Rad1 Rad8 14. Rxd8 Rxd8
15. Rd1 b6 16. Qg5 Ncd7 17. Rd3 h6 18. Qh4 Nc5 19. Rxd8+ Bxd8 20. Nd1 Ncd7 21.
Qg3 Bxf3 22. Bxf3 Be7 23. Ne3 Kh8 24. Nf5 Bf8 25. Ba3 c5 26. b4 Nh7 27. Bd1 Ng5
28. f3 Ne6 29. bxc5 Ndxc5 30. Bb2 f6 31. Qg6 Nd3 32. Bc3 Qc5+ 33. Kf1 Qf2#
{White checkmated} 0-1

[Event "Team 45 45 League T65"]
[Site "Internet Chess Club"]
[Date "2015.06.24"]
[Round "4"]
[White "QuieroAprender"]
[Black "isolani"]
[Result "0-1"]
[WhiteElo "1624"]
[BlackElo "1588"]
[Opening "King's Indian: Four pawns attack"]
[ECO "E76"]
[Time "20:02:51"]
[TimeControl "2700+45"]

1. d4 Nf6 2. c4 g6 3. Nc3 Bg7 4. e4 d6 5. f4 O-O 6. Bd3 Bg4 7. Nf3 c5 8. h3 Bxf3
9. Qxf3 cxd4 10. Ne2 Nc6 11. f5 Ne5 12. Qf2 {White resigns} 0-1

[Event "Team 45 45 League T65"]
[Site "Internet Chess Club"]
[Date "2015.06.27"]
[Round "4"]
[White "Andaluz"]
[Black "BrianWood"]
[Result "1/2-1/2"]
[WhiteElo "1384"]
[BlackElo "1506"]
[Opening "Four knights: Ranken variation"]
[ECO "C48"]
[Time "14:03:18"]
[TimeControl "2700+45"]

1. e4 e5 2. Nf3 Nc6 3. Bb5 Nf6 4. Nc3 a6 5. Bxc6 dxc6 6. Nxe5 Bc5 7. O-O O-O 8.
d4 Bxd4 9. Nf3 Bxc3 10. Qxd8 Rxd8 11. bxc3 Nxe4 12. Re1 Nxc3 13. Bb2 Nd5 14. a3
Bf5 15. c4 Nf4 16. Bc3 Bd3 17. Be5 Ne6 18. Rac1 f6 19. Bxf6 gxf6 20. Rxe6 Kf7
21. Re3 Bg6 22. Rce1 Rd7 23. Nh4 Rad8 24. Nf3 b5 25. c5 Kf8 26. Re6 Bf7 27. Rxf6
Rd1 28. Kf1 Kg7 29. Rxc6 Rxe1+ 30. Nxe1 Bc4+ 31. Kg1 Rd7 32. h3 Rd1 33. Rxc7+
Bf7 34. Kf1 Kg6 35. Re7 Rc1 36. Re5 Kf6 37. f4 Ra1 38. Re3 Rc1 39. Re5 a5 40.
Kf2 b4 41. c6 Rxc6 42. Rxa5 Rb6 43. axb4 Rxb4 44. g3 Rb6 45. Rc5 {Game drawn by
mutual agreement} 1/2-1/2

[Event "Team 45 45 League T65"]
[Site "Internet Chess Club"]
[Date "2015.06.28"]
[Round "4"]
[White "oldbookseller"]
[Black "olivermx"]
[Result "0-1"]
[WhiteElo "1201"]
[BlackElo "1359"]
[Opening "Queen's pawn game"]
[ECO "D00"]
[Time "08:41:41"]
[TimeControl "2700+45"]

1. d4 d5 2. c3 c5 3. e3 Bf5 4. Nd2 e6 5. Ngf3 Nf6 6. Ne5 Nc6 7. Ndf3 Be7 8. Be2
O-O 9. O-O cxd4 10. cxd4 Bd6 11. Qd2 Qc7 12. Bd1 Nxe5 13. Qe2 Bd3 14. Qe1 Bxf1
15. Kxf1 Nxf3 16. Bxf3 Bxh2 17. Bd2 b6 18. Qb1 e5 19. Be2 exd4 20. exd4 Ne4 21.
Bb4 Rfd8 22. Qd3 Qf4 23. Be1 Ng3+ 24. Qxg3 Bxg3 25. f3 Bxe1 26. Rxe1 Rac8 27.
Kf2 Qxd4+ 28. Kg3 Qxb2 29. Rh1 Qxe2 {White resigns} 0-1

[Event "Team 45 45 League T65"]
[Site "Internet Chess Club"]
[Date "2015.06.30"]
[Round "4"]
[White "Hal2001"]
[Black "Invicta-Knight"]
[Result "0-1"]
[WhiteElo "1633"]
[BlackElo "1636"]
[Opening "Scandinavian: Pytel-Wade variation"]
[ECO "B01"]
[Time "09:17:45"]
[TimeControl "2700+45"]

1. e4 d5 2. exd5 Qxd5 3. Nc3 Qd6 4. d4 g6 5. Nb5 Qe6+ 6. Qe2 Qxe2+ 7. Bxe2 Na6
8. Bf4 c6 9. Nc3 Bf5 10. O-O-O Nb4 11. Rd2 Nf6 12. Be5 Bg7 13. a3 Nbd5 14. Nxd5
cxd5 15. Bb5+ Kf8 16. Re2 Rc8 17. f3 Rg8 18. g4 Bd7 19. Bxd7 Nxd7 20. Bxg7+ Rxg7
21. f4 Nf6 22. g5 Ne4 23. Nf3 Rg8 24. Nd2 Nd6 25. c3 e6 26. Kd1 Kg7 27. h4 Nf5
28. Rh3 Rc6 29. Nf3 h5 30. Ne5 Rb6 31. Nd7 Rd6 32. Ne5 Rc8 33. Kd2 Rb6 34. Kd1
Rb3 35. Nf3 Rc6 36. Kc1 Nd6 37. Ne5 Rcb6 38. Nd7 Rc6 39. Kc2 Rb5 40. Ne5 Rc7 41.
Kc1 Nf5 42. Nf3 Ra5 43. Kb1 Rc6 44. Ne5 Rb6 45. Nd7 Rc6 46. Ka2 Rc7 47. Nc5 Rb5
48. Nd3 a5 49. a4 Rb6 50. Nc5 Rbc6 51. Nd3 b6 52. Ne5 Rd6 53. Nd3 Rb7 54. Rc2
Rc6 55. Rd2 Nd6 56. Ne5 Rc8 57. Rdd3 Ne4 58. b3 Nf2 {White resigns} 0-1

[Event "Team 45 45 League T65"]
[Site "Internet Chess Club"]
[Date "2015.06.28"]
[Round "4"]
[White "kingphisch"]
[Black "ChessMaine"]
[Result "0-1"]
[WhiteElo "1455"]
[BlackElo "1536"]
[Opening "French: advance, Milner-Barry gambit"]
[ECO "C02"]
[Time "18:13:52"]
[TimeControl "2700+45"]

1. e4 e6 2. d4 d5 3. e5 c5 4. c3 Qb6 5. Nf3 Nc6 6. Bd3 Bd7 7. O-O cxd4 8. cxd4
Nxd4 9. Nxd4 Qxd4 10. Nc3 a6 11. Qe2 Qb6 12. a3 Bc5 13. Kh1 Ne7 14. f4 O-O-O 15.
b4 Bd4 16. Bb2 Kb8 17. Rfc1 Ng6 18. g3 h5 19. Bxg6 fxg6 20. Nd1 Bxb2 21. Qxb2 d4
22. Qf2 Bc6+ 23. Kg1 Rd5 24. Nc3 Rd7 25. Re1 Qd8 26. Ne4 Bxe4 27. Rxe4 Rf8 28.
Rd1 d3 29. Qf3 d2 30. Qe3 Rd3 31. Qe2 Qb6+ 32. Qf2 Qxf2+ 33. Kxf2 Rfd8 34. Ke2
Rxa3 35. h4 Rxg3 36. Re3 Rg4 37. Rxd2 Rxd2+ 38. Kxd2 Rxf4 39. Kd3 Rxb4 {White
resigns} 0-1

[Event "Team 45 45 League T65"]
[Site "Internet Chess Club"]
[Date "2015.06.27"]
[Round "4"]
[White "PaulRichard"]
[Black "BrerRabbit"]
[Result "1/2-1/2"]
[WhiteElo "1553"]
[BlackElo "1475"]
[Opening "Pirc: Ufimtsev-Pytel variation"]
[ECO "B07"]
[Time "19:03:33"]
[TimeControl "2700+45"]

1. e4 d6 2. d4 Nf6 3. Nc3 c6 4. h3 Nbd7 5. Nf3 e5 6. a4 Be7 7. Bd3 O-O 8. O-O a5
9. Re1 h6 10. Bd2 exd4 11. Nxd4 Ne5 12. Bf1 Be6 13. Nxe6 fxe6 14. Be3 Qc7 15. f4
Ned7 16. Bc4 d5 17. exd5 exd5 18. Bb3 Bc5 19. Qd2 Rae8 20. Bd4 Nh5 21. Rxe8 Rxe8
22. Bxc5 Nxc5 23. Nxd5 cxd5 24. Qxd5+ Kh8 25. Qxh5 Re4 26. Qd5 Nxb3 27. Qxb3
Rxf4 28. Qe3 Rb4 29. Qc3 Rc4 30. Qe3 Rxc2 31. Qe8+ Kh7 32. Qe4+ Kh8 33. Qe8+ Kh7
34. Qe4+ Kh8 {Game drawn by mutual agreement} 1/2-1/2

[Event "Team 45 45 League T65"]
[Site "Internet Chess Club"]
[Date "2015.06.26"]
[Round "4"]
[White "gwillis"]
[Black "Conjurer"]
[Result "1-0"]
[WhiteElo "1392"]
[BlackElo "1328"]
[Opening "Sicilian: Grand Prix attack"]
[ECO "B21"]
[Time "12:13:23"]
[TimeControl "2700+45"]

1. e4 c5 2. f4 Nf6 3. Nc3 Nc6 4. Bb5 e5 5. Bxc6 bxc6 6. fxe5 Ng8 7. Nf3 Ba6 8.
Na4 Qa5 9. b3 c4 10. Bb2 cxb3 11. axb3 Qb4 12. Nc3 Qb7 13. Ba3 Bxa3 14. Rxa3 Ne7
15. Qa1 Bb5 16. Nxb5 cxb5 17. d3 Qb6 18. e6 Qe3+ 19. Kd1 fxe6 20. Qxg7 Rg8 21.
Qd4 Qxd4 22. Nxd4 a6 23. g3 d6 24. Nxe6 Kd7 25. Nd4 Ng6 26. Rf1 Ne5 27. Ke2 Rg4
28. Nxb5 Rc8 29. Nd4 d5 30. Rf5 Re8 31. Rxa6 dxe4 32. Ra7+ Kd6 33. Rf6+ Kd5 34.
Nf5 exd3+ 35. Kd2 Nf3+ 36. Kxd3 Ne1+ 37. Kc3 Rc8+ 38. Kb2 Ke5 39. Ne3 Re4 40.
Re7+ Kd4 41. Rxe4+ Kxe4 42. Re6+ Kd4 43. Nf5+ Kd5 44. Rxe1 {Black resigns} 1-0

[Event "Team 45 45 League T65"]
[Site "Internet Chess Club"]
[Date "2015.06.27"]
[Round "4"]
[White "GideonL"]
[Black "dabodhi"]
[Result "1-0"]
[WhiteElo "1532"]
[BlackElo "1308"]
[Opening "Sicilian: Labourdonnais-Löwenthal variation"]
[ECO "B32"]
[Time "15:13:56"]
[TimeControl "2700+45"]

1. e4 c5 2. Nf3 Nc6 3. d4 cxd4 4. Nxd4 e5 5. Nxc6 bxc6 6. Bc4 Qa5+ 7. c3 Nf6 8.
b4 Qd8 9. Bg5 Be7 10. Bxf6 Bxf6 11. b5 Bb7 12. O-O d5 13. bxc6 Bxc6 14. Bxd5 Qc7
15. c4 O-O 16. Bxc6 Qxc6 17. Qd5 Qa6 18. a4 Rfd8 19. Qb5 Qe6 20. Nc3 Rab8 21.
Qc5 Rbc8 22. Qxa7 Rxc4 23. Qe3 h6 24. a5 Bg5 25. Qf3 Qc6 26. Nd5 Rc1 27. Raxc1
Qxc1 28. Rxc1 Bxc1 29. a6 Rc8 30. a7 Ba3 31. Qxa3 Kh7 32. a8=Q Rc2 33. Ne7 Rd2
34. Qg8# {Black checkmated} 1-0

[Event "Team 45 45 League T65"]
[Site "Internet Chess Club"]
[Date "2015.06.28"]
[Round "4"]
[White "seattleblues"]
[Black "Conjurer"]
[Result "1-0"]
[WhiteElo "1450"]
[BlackElo "1338"]
[Opening "QGD semi-Slav: 6.Bd3"]
[ECO "D46"]
[Time "21:03:30"]
[TimeControl "2700+45"]

1. d4 Nf6 2. Nf3 d5 3. c4 c6 4. Nc3 Nbd7 5. e3 e6 6. Bd3 c5 7. O-O Nb6 8. cxd5
Nbxd5 9. Nxd5 Nxd5 10. e4 Nb4 11. Bb1 cxd4 12. Nxd4 Bc5 13. Nb3 Qb6 14. Nxc5
Qxc5 15. Be3 Qc7 16. Qa4+ Nc6 17. Bd3 O-O 18. Rac1 Bd7 19. Qd1 Qe5 20. b3 Rad8
21. Rc5 Qf6 22. Bg5 Qd4 23. Rc4 Qe5 24. Bxd8 Rxd8 25. Qc1 Nd4 26. f4 Qxe4 27.
Bxe4 Ne2+ 28. Kh1 Nxc1 29. Rcxc1 Bb5 30. Rfe1 f5 31. Bxb7 {Black resigns} 1-0

[Event "Team 45 45 League T65"]
[Site "Internet Chess Club"]
[Date "2015.06.28"]
[Round "4"]
[White "WilmaP"]
[Black "Just-Jim"]
[Result "0-1"]
[WhiteElo "1189"]
[BlackElo "1363"]
[Opening "King's pawn game"]
[ECO "C50"]
[Time "13:00:27"]
[TimeControl "2700+45"]

1. e4 e5 2. Nf3 Nc6 3. Bc4 d6 4. d3 h6 5. Nbd2 Nf6 6. c3 d5 7. exd5 Nxd5 8. Ne4
Be7 9. d4 exd4 10. cxd4 Na5 11. Bd3 O-O 12. Bd2 c6 13. Qc2 Nb4 14. Bxb4 Bxb4+
15. Ned2 Bxd2+ 16. Nxd2 Re8+ 17. Be4 f5 18. b4 Qxd4 19. O-O fxe4 20. bxa5 Bf5
21. Qb3+ Kh8 22. Rad1 Bg4 23. Nf3 Qf6 24. Rde1 Bxf3 25. g3 Qf5 26. Re3 Qh3 27.
Rxf3 exf3 28. Qxf3 Re5 29. Qc3 Rae8 30. f4 Re2 31. Rf2 Re1+ 32. Qxe1 Rxe1+ 33.
Rf1 Qxf1# {White checkmated} 0-1

[Event "Team 45 45 League T65"]
[Site "Internet Chess Club"]
[Date "2015.06.26"]
[Round "4"]
[White "bhandelman"]
[Black "WzeroMN"]
[Result "1-0"]
[WhiteElo "1148"]
[BlackElo "1104"]
[Opening "English opening"]
[ECO "A25"]
[Time "10:05:28"]
[TimeControl "2700+45"]

1. c4 e5 2. g3 Nc6 3. Nc3 Bc5 4. Nf3 Nf6 5. e4 Nd4 6. Bg2 Nxf3+ 7. Qxf3 c6 8.
O-O O-O 9. a3 d6 10. h3 Be6 11. b4 Bd4 12. Qe2 Rb8 13. Bb2 b5 14. d3 bxc4 15.
dxc4 a5 16. b5 Bxc3 17. Bxc3 cxb5 18. cxb5 Bd7 19. a4 Rc8 20. Qd2 Rc4 21. Bxa5
Rd4 22. Qc3 Qc8 23. Qc7 Qxc7 24. Bxc7 Nxe4 25. Bxe4 Rxe4 26. Bxd6 Re8 27. Rfb1
Re6 28. Bc7 Rc4 29. Bd8 Rc8 30. Bg5 f6 31. Be3 Ree8 32. a5 Rb8 33. b6 Bc6 34. a6
Re7 35. a7 Ra8 36. Bc5 Rb7 37. Bd6 Kf7 38. f4 exf4 39. gxf4 f5 40. Kf2 Ke6 41.
Bc7 g6 42. h4 Bd5 43. Ke3 Be4 44. Rb2 Kf6 45. Be5+ Ke6 46. Kd4 Bc6 47. Kc5 Be4
48. Kb5 Bd3+ 49. Kc5 Be4 50. Rb4 Bd5 51. Rd4 Bg2 52. Rd6+ Ke7 53. Bf6+ Kf7 54.
Rd8 Rxd8 55. Bxd8 Rd7 56. a8=Q Bxa8 57. Rxa8 Rb7 58. Ra7 Rxa7 59. bxa7 Kg7 60.
a8=Q Kh6 61. Bg5+ Kh5 62. Qf3# {Black checkmated} 1-0

[Event "Team 45 45 League T65"]
[Site "Internet Chess Club"]
[Date "2015.06.27"]
[Round "4"]
[White "olivermx"]
[Black "Electryon"]
[Result "0-1"]
[WhiteElo "1349"]
[BlackElo "1452"]
[Opening "Sicilian: Alapin's variation (2.c3)"]
[ECO "B22"]
[Time "16:12:04"]
[TimeControl "2700+45"]

1. e4 c5 2. c3 d5 3. exd5 Qxd5 4. d4 g6 5. Be3 cxd4 6. cxd4 Bg7 7. Nc3 Qa5 8.
Nf3 Nf6 9. Be2 O-O 10. O-O Nc6 11. h3 Nd5 12. Qd2 Rd8 13. Bh6 Nxc3 14. bxc3 e5
15. Bxg7 Kxg7 16. Qe3 exd4 17. Nxd4 Nxd4 18. cxd4 Be6 19. a3 Rac8 20. Qe5+ Qxe5
21. dxe5 Rc5 22. f4 Rd2 23. Bf3 b6 24. Rf2 Rcc2 25. Rxd2 Rxd2 26. Rd1 Ra2 27.
Rd3 Bc4 28. Rc3 b5 29. Be4 a5 30. Bc6 a4 31. Bd7 Kf8 32. Re3 Rd2 33. e6 fxe6 34.
Bxe6 Bxe6 35. Rxe6 Rd3 36. Re5 Rxa3 37. Rxb5 Ra1+ 38. Kh2 a3 39. Ra5 a2 40. g4
Kg7 41. Kg3 Rg1+ 42. Kh4 a1=Q 43. Rxa1 Rxa1 44. f5 gxf5 45. gxf5 Kf6 46. Kg4
Rg1+ {White resigns} 0-1

[Event "Team 45 45 League T65"]
[Site "Internet Chess Club"]
[Date "2015.06.28"]
[Round "4"]
[White "SeniorCitizen"]
[Black "RobertBuice"]
[Result "0-1"]
[WhiteElo "1374"]
[BlackElo "1184"]
[Opening "Danish gambit"]
[ECO "C21"]
[Time "17:00:42"]
[TimeControl "2700+45"]

1. e4 e5 2. d4 exd4 3. c3 dxc3 4. Bc4 Qf6 5. Qd5 c6 6. e5 cxd5 7. exf6 dxc4 8.
fxg7 Bxg7 9. Nxc3 Bxc3+ 10. bxc3 Nf6 11. Ba3 d5 12. Nf3 Bf5 13. O-O Nc6 14.
Rfe1+ Ne4 15. Nh4 Bg6 16. f3 O-O-O 17. Nxg6 hxg6 18. fxe4 d4 19. cxd4 Nxd4 20.
Rac1 b5 21. Bb2 Rd7 22. Kf2 Rxh2 23. Rcd1 Nc2 {White resigns} 0-1

[Event "Team 45 45 League T65"]
[Site "Internet Chess Club"]
[Date "2015.06.29"]
[Round "4"]
[White "bugeyes"]
[Black "oldbookseller"]
[Result "1-0"]
[WhiteElo "1086"]
[BlackElo "1179"]
[Opening "Ruy Lopez: Berlin defense, Beverwijk variation"]
[ECO "C65"]
[Time "18:00:28"]
[TimeControl "2700+45"]

1. e4 e5 2. Nf3 Nc6 3. Bb5 Nf6 4. O-O Bc5 5. Re1 Nd4 6. Nxd4 Bxd4 7. c3 Bc5 8.
d4 Bb6 9. dxe5 O-O 10. exf6 Qxf6 11. Be3 c5 12. Bxd7 Qe5 13. Na3 Bc7 14. g3 Qxe4
15. Bxc8 Raxc8 16. Bxc5 Qc6 17. Bxf8 Kxf8 18. Qb3 Rd8 19. Rad1 Rc8 20. Nc4 b5
21. Ne5 Bxe5 22. Rxe5 Qf3 23. Re3 Qc6 24. Rde1 a5 25. Re7 Qc4 26. Qxc4 bxc4 27.
Ra7 g5 28. Rxa5 f6 29. Ra4 Rb8 30. Re2 Rd8 31. Rxc4 Rd1+ 32. Kg2 f5 33. Rd4 Rc1
34. Rd5 f4 35. Rxg5 f3+ 36. Kxf3 Rd1 37. Rge5 Kf7 38. Re6 Rd5 39. Ra6 Rf5+ 40.
Kg4 h5+ 41. Kxf5 {Black resigns} 1-0

[Event "Team 45 45 League T65"]
[Site "Internet Chess Club"]
[Date "2015.06.27"]
[Round "4"]
[White "primerpaso"]
[Black "Egmont"]
[Result "1-0"]
[WhiteElo "1850"]
[BlackElo "1748"]
[Opening "English: Caro-Kann defensive system"]
[ECO "A11"]
[Time "12:00:29"]
[TimeControl "2700+45"]

1. c4 c6 2. Nc3 Nf6 3. g3 d5 4. cxd5 cxd5 5. d4 e6 6. Bg2 Nbd7 7. Nf3 Bd6 8. O-O
O-O 9. b3 Qa5 10. Bd2 Qa6 11. Re1 b5 12. Rc1 b4 13. Na4 Ne4 14. e3 Rb8 15. Bf1
Qa5 16. Rc2 Ba6 17. Bxa6 Qxa6 18. Qe2 Qxe2 19. Rxe2 Rfc8 20. Bc1 g5 21. Bb2 h5
22. Ne5 Bxe5 23. dxe5 g4 24. Bd4 a6 25. Kg2 Ng5 26. Nb2 Nf3 27. Nd3 Kg7 28. h4
Kg6 29. Kf1 a5 30. Nc5 Nfxe5 31. Na6 Ra8 32. Nc7 Rab8 33. Na6 Rxc2 34. Rxc2 Rb7
35. Ke2 Nf3 36. Kd1 Nxd4 37. exd4 Kf5 38. Rc8 Ke4 39. Nc5+ Kxd4 40. Nxb7 Ne5 41.
Nxa5 Nd3 42. Ke2 Nc1+ 43. Rxc1 {Black resigns} 1-0

[Event "Team 45 45 League T65"]
[Site "Internet Chess Club"]
[Date "2015.06.28"]
[Round "4"]
[White "AVEMARIA"]
[Black "pcvan"]
[Result "1/2-1/2"]
[WhiteElo "1626"]
[BlackElo "1562"]
[Opening "Sicilian: Najdorf, Opocensky variation"]
[ECO "B92"]
[Time "15:00:34"]
[TimeControl "2700+45"]

1. e4 c5 2. Nf3 d6 3. d4 cxd4 4. Nxd4 Nf6 5. Nc3 a6 6. Be2 e5 7. Nb3 Be7 8. O-O
Be6 9. Be3 Nbd7 10. f4 O-O 11. Qe1 Nb6 12. fxe5 dxe5 13. Rd1 Qc7 14. Qg3 Kh8 15.
Nd2 Bb4 16. Kh1 Bxc3 17. Bxb6 Qxb6 18. Qxc3 Rac8 19. Qxe5 Rxc2 20. Rxf6 gxf6 21.
Qxf6+ Kg8 22. Qg5+ Kh8 23. Qf6+ {Game drawn by mutual agreement} 1/2-1/2

[Event "Team 45 45 League T65"]
[Site "Internet Chess Club"]
[Date "2015.06.28"]
[Round "4"]
[White "ElMarginal"]
[Black "whiskeytown"]
[Result "0-1"]
[WhiteElo "1628"]
[BlackElo "1590"]
[Opening "Queen's pawn game"]
[ECO "A45"]
[Time "19:02:08"]
[TimeControl "2700+45"]

1. d4 Nf6 2. Nc3 g6 3. Nf3 Bg7 4. Bf4 Nh5 5. Qd2 Nxf4 6. Qxf4 d6 7. e4 Nd7 8.
Bc4 O-O 9. Ng5 e6 10. h4 Bxd4 11. O-O-O Qf6 12. Qxf6 Bxf6 13. Ne2 Ne5 14. Bd3
Nxd3+ 15. Rxd3 h5 16. f4 Bxg5 17. hxg5 e5 18. Rh4 exf4 19. Nxf4 Bg4 20. Nd5 c6
21. Nf6+ Kg7 22. Rxd6 Rad8 23. Rxd8 Rxd8 24. Nxg4 hxg4 25. Rxg4 Rd4 26. c3 Rd3
27. Kc2 Rd7 28. e5 Kf8 29. Rd4 Re7 30. Rd5 cxd5 {White resigns} 0-1

[Event "Team 45 45 League T65"]
[Site "Internet Chess Club"]
[Date "2015.06.25"]
[Round "4"]
[White "Kingofknights"]
[Black "gokuxxx"]
[Result "0-1"]
[WhiteElo "1549"]
[BlackElo "1524"]
[Opening "Nimzo-Indian: 4.e3, Taimanov variation"]
[ECO "E40"]
[Time "19:30:11"]
[TimeControl "2700+45"]

1. d4 Nf6 2. c4 e6 3. Nc3 Bb4 4. e3 Nc6 5. Bd3 e5 6. d5 e4 7. dxc6 exd3 8. cxb7
Bxb7 9. Qxd3 Bxg2 10. f3 Bxh1 11. Kf2 O-O 12. Nge2 Nh5 13. Bd2 Qh4+ {White
resigns} 0-1

[Event "Team 45 45 League T65"]
[Site "Internet Chess Club"]
[Date "2015.06.26"]
[Round "4"]
[White "SugarIslander"]
[Black "JefferyChess"]
[Result "1/2-1/2"]
[WhiteElo "1586"]
[BlackElo "1781"]
[Opening "Grünfeld: modern exchange variation"]
[ECO "D90"]
[Time "15:01:50"]
[TimeControl "2700+45"]

1. d4 Nf6 2. c4 g6 3. Nc3 d5 4. Nf3 Bg7 5. cxd5 Nxd5 6. e4 Nxc3 7. bxc3 c5 8.
Bb5+ Bd7 9. Bxd7+ Qxd7 10. O-O O-O 11. Be3 Rd8 12. Qb3 cxd4 13. Bxd4 Nc6 14.
Bxg7 Kxg7 15. Rfd1 Qc7 16. Nd4 a6 17. Qb2 Kg8 18. Rab1 b5 19. Nxc6 Qxc6 20. f3
Qc5+ 21. Kf1 Qc4+ 22. Ke1 e6 23. Qb3 Qc5 24. Ke2 Rac8 25. Rxd8+ Rxd8 26. Qb4 Qc6
27. Rd1 Rc8 28. Rd3 Qc7 29. g3 Qa7 30. Qd4 Qxd4 31. cxd4 Kf8 32. Kd2 Ke7 33. Rc3
Rxc3 34. Kxc3 a5 35. a3 Kd6 36. h3 f6 37. h4 h6 38. Kd3 Kc6 39. Kc3 f5 40. Kd3
Kd6 41. Kc3 g5 42. hxg5 hxg5 43. Kd3 g4 44. fxg4 fxg4 45. Kc3 Kc6 46. Kb3 Kb6
47. Kc3 Ka6 48. Kb3 Kb6 49. Kc3 Kc6 50. Kb3 Kd6 51. Kc3 Ke7 52. Kb3 Kf6 53. Kc3
Ke7 54. Kb3 Kd6 55. Kc3 Kc6 56. Kb3 Kb7 57. Kc3 Kc8 58. Kb3 Kd8 59. Kc3 Ke7 60.
Kb3 Kf6 61. Kc3 {Game drawn by mutual agreement} 1/2-1/2

[Event "Team 45 45 League T65"]
[Site "Internet Chess Club"]
[Date "2015.06.28"]
[Round "4"]
[White "Constrictor"]
[Black "Innes"]
[Result "1-0"]
[WhiteElo "1598"]
[BlackElo "1652"]
[Opening "QGD semi-Slav: accelerated Meran (Alekhine variation)"]
[ECO "D45"]
[Time "17:00:33"]
[TimeControl "2700+45"]

1. Nf3 d5 2. d4 Nf6 3. c4 c6 4. Nc3 e6 5. e3 a6 6. Bd3 b5 7. b3 Bb4 8. Qc2 Nbd7
9. O-O O-O 10. a3 Bxc3 11. Qxc3 Re8 12. Bb2 Bb7 13. c5 Ne4 14. Qc2 f5 15. Ne5
Nxe5 16. dxe5 Qh4 17. f4 Kf7 18. Rf3 Rh8 19. Rh3 Qe7 20. b4 Rag8 21. Bc3 g5 22.
Be1 gxf4 23. Bxe4 fxe4 24. Bh4 Qf8 25. exf4 Rg6 26. Qe2 Rhg8 27. Qh5 Ke8 28. Bg3
Qg7 29. Qxh7 d4 30. Qxg7 R8xg7 31. Rh8+ Kd7 32. Rd1 d3 33. Rd2 Kc7 34. Kf2 a5
35. Ke3 axb4 36. axb4 Rg8 37. Rh7+ R6g7 38. Rxg7+ Rxg7 39. Kxe4 Rg8 40. Rxd3 Ra8
41. Rd2 Ra3 42. Rb2 Bc8 43. Bf2 Bd7 44. h3 Be8 45. f5 exf5+ 46. Kxf5 Kd7 47. Kf6
Bh5 48. e6+ Ke8 49. Rd2 Rb3 50. e7 {Black resigns} 1-0

[Event "Team 45 45 League T65"]
[Site "Internet Chess Club"]
[Date "2015.06.27"]
[Round "4"]
[White "dabodhi"]
[Black "Hal2001"]
[Result "0-1"]
[WhiteElo "1304"]
[BlackElo "1650"]
[Opening "Robatsch defense"]
[ECO "B06"]
[Time "21:01:40"]
[TimeControl "2700+45"]

1. e4 g6 2. d4 Bg7 3. Nc3 c5 4. dxc5 Bxc3+ 5. bxc3 Qa5 6. Qd4 Nf6 7. Bd2 Nc6 8.
Qe3 Ng4 9. Qg3 Nf6 10. Bd3 Qxc5 11. Nf3 d6 12. h3 Be6 13. O-O O-O 14. Rfe1 Nh5
15. Qh2 f6 16. g4 Ng7 17. Nd4 Bf7 18. Nf3 Rac8 19. e5 Nxe5 20. Nxe5 fxe5 21. Be3
Qxc3 22. f4 exf4 23. Bxf4 e5 24. Bg5 Bc4 25. Rac1 Ne6 26. Be7 Rfe8 27. Bxd6 Nf4
{White forfeits on time} 0-1

[Event "Team 45 45 League T65"]
[Site "Internet Chess Club"]
[Date "2015.06.28"]
[Round "4"]
[White "Gilguli"]
[Black "sdcohle"]
[Result "1/2-1/2"]
[WhiteElo "1403"]
[BlackElo "1430"]
[Opening "QGD: 4.Nf3"]
[ECO "D37"]
[Time "14:32:59"]
[TimeControl "2700+45"]

1. d4 d5 2. Nf3 Nf6 3. c4 e6 4. Nc3 Nbd7 5. Bg5 Be7 6. e3 b6 7. cxd5 Nxd5 8.
Bxe7 Qxe7 9. Qb3 Bb7 10. Bb5 c6 11. Nxd5 exd5 12. Bd3 O-O 13. O-O c5 14. Qc2 Nf6
15. Nd2 Rac8 16. Bf5 Rc7 17. Rac1 Bc8 18. Rfe1 Bxf5 19. Qxf5 Rfc8 20. dxc5 Rxc5
21. Qxc8+ Rxc8 22. Rxc8+ Ne8 23. Rec1 f6 24. R1c7 Qxc7 25. Rxc7 Nxc7 26. Kf1 Kf7
27. Ke2 Ke6 28. Kd3 h5 29. Nf3 g5 30. Nd4+ Kd7 31. a4 a5 32. g3 Na6 33. b3 Nc5+
34. Kc2 Ne6 35. Kd3 Nc5+ 36. Kc2 Ne4 37. f3 Nc5 38. Kc3 Ne6 39. Nf5 Kc6 40. h3
Kc5 41. g4 h4 42. Nd4 Nxd4 43. exd4+ Kc6 44. Kd3 b5 45. Ke3 bxa4 46. bxa4 Kd6
47. f4 Ke6 48. Kf3 Kf7 49. Ke3 gxf4+ 50. Kxf4 Kg6 51. Ke3 Kg5 52. Kf3 f5 53.
gxf5 Kxf5 54. Ke3 Kg5 55. Kf3 Kf5 56. Ke3 {Game drawn by mutual agreement}
1/2-1/2